Map: Galactic Process LE

Players

TonyMontana

  • Race: Terran Terran
  • League: Silver

Gracz - Winner!

  • Race: Protoss Protoss
  • League: Silver

VOD

Have the link to the VOD?

Description

Time

  • Played on: Oct. 8, 2016, 7:20 a.m.
  • Length: 16:09
Show
View Real Time Build Order
Export as new Build Order

TonyMontana Terran 

Build Orders:  

Get SALT Encoding   

  12  0:02  SCV  
  13  0:14  SCV  
  14  0:26  SCV  
  15  0:39  Supply Depot  
  15  1:01  SCV  
  15  1:02  Supply Depot  
  16  1:13  SCV  
  17  1:22  Barracks  
  17  1:24  Supply Depot  
  17  1:25  SCV  
  18  1:26  Barracks  
  18  1:37  SCV  
  19  1:59  SCV  
  20  2:11  SCV  
  20  2:13  Marine x2  
  23  2:18  Refinery x2  
  23  2:23  SCV  
  24  2:31  Marine x2  
  24  2:35  SCV  
  27  2:47  SCV  
  27  2:49  Marine x2  
  30  3:01  Orbital Command  
  30  3:06  Marine  
  30  3:07  Marine  
  32  3:22  Engineering Bay  
  32  3:24  Marine x2  
  34  3:30  Command Center  
  34  3:42  Marine x2  
  36  4:00  Factory, Marine x2  
  38  4:13  Barracks  
  38  4:18  Marine  
  39  4:35  Missile Turret  
  39  4:42  Marine x2, SCV  
  42  4:54  SCV  
  42  4:55  Missile Turret  
  42  4:59  Marine x2  
  43  5:00  Barracks Tech Lab  
  43  5:06  SCV  
  46  5:10  Supply Depot  
  46  5:17  Marine x2, Factory Tech Lab  
  46  5:18  SCV  
  49  5:30  SCV  
  49  5:32  Supply Depot  
  49  5:35  Missile Turret, Marine  
  51  5:47  Sensor Tower  
  51  5:48  Combat Shields  
  51  5:53  SCV  
  51  5:56  Missile Turret, Supply Depot  
  52  6:05  SCV  
  53  6:17  SCV  
  53  6:18  Missile Turret  
  54  6:23  Sensor Tower  
  54  6:25  Siege Tank  
  57  6:29  SCV  
  57  6:31  Supply Depot  
  58  6:43  Barracks Reactor  
  58  6:44  Barracks Reactor  
  58  6:47  Marauder  
  58  6:52  SCV  
  58  6:53  Supply Depot  
  61  6:57  Siege Tank  
  64  7:04  SCV  
  64  7:08  Stimpack  
  65  7:09  Marauder  
  67  7:16  SCV  
  68  7:28  SCV  
  68  7:29  Siege Tank  
  72  7:30  Marauder  
  68  8:01  Siege Tank  
  68  8:04  Missile Turret  
  71  8:07  Marine x4  
  67  8:22  Missile Turret  
  67  8:24  Marine x2  
  67  8:25  Marine x2  
  68  8:29  Missile Turret  
  68  8:38  Marauder  
  70  8:42  Marine x2  
  70  8:43  Marine x2  
  74  8:48  Missile Turret  
  74  9:00  Marine x4, Marauder  
  80  9:03  SCV  
  80  9:07  Missile Turret  
  81  9:15  SCV  
  82  9:18  Marine x4  
  82  9:21  Concussive Shells, Marauder  
  88  9:27  SCV  
  89  9:32  Armory  
  89  9:34  Supply Depot  
  89  9:36  Marine x4  
  93  9:38  Missile Turret  
  93  9:39  SCV, Hi-Sec Auto Tracking  
  94  9:55  Starport  
  94  9:56  SCV, Marauder  
  94  9:57  Supply Depot  
  94  9:58  Missile Turret  
  97  10:07  Marine x4  
  101  10:17  Missile Turret  
  101  10:19  Marauder  
  101  10:20  Supply Depot  
  103  10:25  Marine x4  
  107  10:36  Building Armor  
  107  10:40  Marauder  
  109  10:42  Marine  
  109  10:43  Marine x3  
  109  10:44  Starport Tech Lab  
  113  10:58  Terran Vehicle Weapons Level 1  
  113  11:00  Marine x2  
  113  11:01  Marine x2  
  117  11:08  Fusion Core  
  109  11:34  Supply Depot  
  97  12:07  Medivac, Marauder  
  101  12:13  Marine x2  
  101  12:14  Marine x2  
  105  12:28  Marauder  
  107  12:31  Marine x3  
  107  12:32  Missile Turret, Marine  
  107  12:33  Missile Turret  
  107  12:35  Missile Turret  
  107  12:37  Medivac  
  113  12:49  Marine x3  
  113  12:50  Marauder  
  118  12:52  Terran Ship Weapons Level 1  
  118  13:49  Command Center  
  118  13:56  Marine x4, Marauder  
  124  14:05  Battlecruiser  
  124  14:09  Supply Depot  
  130  14:14  Marine  
  131  14:18  Marauder  
  133  14:24  Missile Turret  
  133  14:30  Thor  
  139  14:32  Supply Depot  
  139  14:35  Missile Turret  
  139  14:43  Missile Turret  
  139  14:54  Missile Turret  
  139  14:55  Supply Depot  
  139  15:02  Missile Turret  
  139  15:06  Missile Turret  
  139  15:13  Thor  
  139  15:14  Missile Turret  
  145  15:17  Supply Depot  
  145  15:21  Missile Turret  
  145  15:25  Missile Turret  
  145  15:40  Missile Turret, Supply Depot  
Show
View Real Time Build Order
Export as new Build Order

Gracz Protoss - Winner!

Build Orders: Colossus Rush 

Get SALT Encoding   

  12  0:02  Probe (Chrono Boost)  
  13  0:13  Probe (Chrono Boost)  
  14  0:17  Pylon  
  14  0:24  Probe (Chrono Boost)  
  15  0:39  Gateway  
  15  0:45  Probe (Chrono Boost)  
  16  0:52  Gateway  
  16  0:58  Assimilator  
  16  1:08  Probe (Chrono Boost)  
  16  1:09  Pylon  
  17  1:19  Probe (Chrono Boost)  
  18  1:38  Pylon  
  18  1:41  Cybernetics Core  
  18  1:45  Probe (Chrono Boost)  
  19  1:55  Assimilator, Probe (Chrono Boost)  
  20  2:03  Warp Gate  
  20  2:09  Gateway  
  20  2:10  Gateway  
  20  2:25  Gateway  
  20  2:47  Nexus  
  20  3:00  Stalker  
  20  3:01  Stalker  
  24  3:28  Robotics Facility  
  24  3:40  Robotics Facility  
  25  3:50  Probe (Chrono Boost)  
  25  4:02  Probe (Chrono Boost)  
  26  4:04  Probe (Chrono Boost)  
  27  4:14  Probe x2 (Chrono Boost)  
  29  4:17  Assimilator  
  29  4:20  Assimilator, Stalker  
  31  4:25  Probe (Chrono Boost)  
  31  4:26  Probe (Chrono Boost)  
  33  4:35  Probe (Chrono Boost)  
  33  4:37  Robotics Bay  
  35  4:46  Probe x2 (Chrono Boost)  
  36  4:53  Stalker  
  36  4:56  Probe (Chrono Boost)  
  36  4:58  Probe (Chrono Boost)  
  42  5:07  Mothership Core (Chrono Boost), Stalker  
  42  5:10  Probe (Chrono Boost)  
  45  5:19  Warp Prism  
  48  5:22  Probe (Chrono Boost)  
  48  5:25  Probe (Chrono Boost)  
  48  5:27  Stalker  
  51  5:33  Pylon  
  51  5:43  Forge  
  51  5:48  Forge  
  51  5:58  Colossus  
  51  5:59  Pylon  
  57  6:11  Probe x2 (Chrono Boost)  
  59  6:20  Extended Thermal Lance  
  59  6:24  Probe (Chrono Boost)  
  60  6:38  Probe x2 (Chrono Boost)  
  60  6:39  Stalker x2  
  66  6:40  Stalker  
  68  6:50  Pylon  
  68  6:55  Pylon  
  68  7:06  Disruptor  
  68  7:12  Disruptor  
  74  7:54  Stalker x3  
  68  8:36  Stalker x3  
  74  8:54  Colossus  
  74  9:01  Colossus  
  86  9:10  Stargate x2  
  86  9:14  Stargate  
  86  9:17  Protoss Ground Weapons Level 1, Protoss Ground Armor Level 1  
  86  9:19  Twilight Council  
  86  9:33  Nexus  
  86  9:35  Pylon  
  86  9:38  Pylon  
  86  9:42  Pylon  
  86  9:45  Pylon  
  86  9:48  Pylon  
  86  9:51  Assimilator  
  86  9:52  Warp Prism  
  86  9:54  Warp Prism  
  86  9:57  Assimilator  
  90  10:37  Stalker  
  90  10:38  Stalker x3  
  90  10:39  Stalker  
  94  12:07  Stalker x2  
  95  12:16  Fleet Beacon  
  95  12:20  Stalker  
  81  13:25  Stalker x5  
  91  13:40  Disruptor  
  88  13:42  Disruptor  
  88  13:48  Tempest x2, Stalker x2  
  94  13:49  Stalker x3  
  94  13:54  Tempest  
  116  14:05  Pylon  
  116  14:12  Stalker x3  
  116  14:13  Stalker  
  124  14:23  Colossus  
  130  14:24  Warp Prism  
  130  14:25  Tempest x2  
  132  14:31  Stalker  
  142  14:38  Tempest  
  146  14:50  Probe x2 (Chrono Boost)  
  146  14:51  Probe (Chrono Boost)  
  149  15:12  Pylon  
  149  15:14  Pylon  
  149  15:16  Pylon  
  149  15:32  Probe (Chrono Boost)  
Tags
 
Add a new tag
Caveats
  • Supply blocks, unpowered buildings, or Contaminate may cause inaccurate times.
  • Supply counts are checked every 10 seconds.